 Dungeon Crawl Stone Soup version 0.19.0-19-g8c6edcc (webtiles) character file.

79 Lochraine the Chiller (level 3, 0/39 HPs)
             Began as a Demigod Ice Elementalist on Nov 12, 2016.
             Succumbed to a worker ant's poison
             ... on level 5 of the Dungeon.
             The game lasted 00:06:55 (4300 turns).

Lochraine the Chiller (Demigod Ice Elementalist)    Turns: 4300, Time: 00:06:56

Health: 0/39       AC: 21    Str: 13    XL:     3   Next: 97%
Magic:  8/9        EV:  2    Int: 19    God:
Gold:   131        SH:  0    Dex: 19    Spells: 3 memorised, 0 levels left

rFire  . . .     SeeInvis .     j - +0 club
rCold  . . .     Gourm    .     (armour currently unavailable)
rNeg   + + +     Faith    .     (no shield)
rPois  +         Spirit   .     (helmet currently unavailable)
rElec  .         Reflect  .     (cloak currently unavailable)
rCorr  .         Harm     .     (gloves currently unavailable)
MR     .....     NoTele   +     (boots currently unavailable)
Stlth  ++........               o - amulet of magic regeneration
                                f - ring of positive energy
                                n - +3 ring of dexterity

@: lethally poisoned (0 -> -2), tree-form
A: high mp 1
a: no special abilities


You were on level 5 of the Dungeon.
You were hungry.
You were a tree.
You visited 1 branch of the dungeon, and saw 5 of its levels.

You collected 131 gold pieces.

Inventory:

Hand Weapons
 j - a +0 club (weapon)
Missiles
 e - 108 stones (quivered)
Armour
 a - a +0 robe (melded)
 t - a +0 pair of gloves (melded)
 v - a +0 cloak (melded)
Jewellery
 f - a ring of positive energy (right branch)
 n - a +3 ring of dexterity (left branch)
 o - an amulet of magic regeneration (around neck)
Scrolls
 d - a scroll of random uselessness {unknown}
 g - a scroll of identify
 k - 2 scrolls of fog {unknown}
 l - a scroll of enchant weapon {unknown}
 m - a scroll of recharging {unknown}
Potions
 h - 2 potions of brilliance {unknown}
 i - a potion of lignification
 r - a potion of resistance {unknown}
 s - a potion of heal wounds {unknown}
 u - a potion of cancellation {unknown}
Books
 b - a book of Frost

   Spells                             Type                      Level
   a - Freeze                         Ice                          1
   b - Throw Frost                    Conjuration/Ice              2
   c - Ozocubu's Armour               Charms/Ice                   3
   d - Throw Icicle                   Conjuration/Ice              4
   e - Summon Ice Beast               Ice/Summoning                4
Comestibles
 c - 2 bread rations
 p - a meat ration


   Skills:
 - Level 1.7 Dodging
 - Level 1.7 Stealth
 + Level 2.4 Spellcasting
 * Level 1.2 Conjurations
 + Level 4.0 Ice Magic


You couldn't memorise any spells.
You knew the following spells:

 Your Spells              Type           Power        Failure   Level  Hunger
a - Freeze                Ice            ###.         3%          1    #......
b - Throw Frost           Conj/Ice       ##....       10%         2    ##.....
c - Ozocubu's Armour      Chrm/Ice       #.......     21%         3    ###....


Dungeon Overview and Level Annotations

Branches:
Dungeon (5/15)
 Temple: D:4-7


Innate Abilities, Weirdness & Mutations

You have an increased reservoir of magic. (+10% MP)


Message History

The worker ant closely misses you. The shadow imp misses you.
Casting: Freeze
Confirm with . or Enter, or press ? or * to list all spells.
Aiming: Freeze
Press: ? - help, Shift-Dir - straight line, f/p - worker ant
Aim: a worker ant (moderately wounded)
You freeze the worker ant.
The worker ant is heavily wounded.
You feel sick. The worker ant bites you.
* * * LOW HITPOINT WARNING * * *
The shadow imp misses you. The worker ant bites you.
* * * LOW HITPOINT WARNING * * *
* * * LOW HITPOINT WARNING * * *
You feel sick.
It was a potion of lignification.
You turn into a tree.
Your +0 cloak melds into your body.
Your +0 pair of gloves melds into your body.
Your +0 robe melds into your body.
Your roots penetrate the ground.
You die...

.. ..... #.#...#.
#....... #... ..#
##..# #.#
#...###.#
#..5.##.#
#...a##.#
###..♣<.#######.
#####.##.........
#........#####...
#.###.#..###.....
#.# #........#
#.# ###..######.#
#.# #.........#
#.#####.#########
#.......#


You could see a worker ant and a shadow imp.

Vanquished Creatures
  2 adders (D:2)
  2 worms
  A dart slug (D:2)
  A leopard gecko (D:1)
  2 orcs (D:3)
  3 giant cockroaches
  7 goblins
  6 hobgoblins
  3 quokkas (D:3)
  8 bats
  5 frilled lizards
  4 kobolds
  5 rats
49 creatures vanquished.

Vanquished Creatures (others)
  A kobold (D:1)
1 creature vanquished.

Grand Total: 50 creatures vanquished

Notes
Turn   | Place    | Note
-------+----------+-------------------------------------------
     0 | D:1      | Lochraine the Demigod Ice Elementalist began the quest for the Orb.
     0 | D:1      | Reached XP level 1. HP: 14/14 MP: 5/5
   457 | D:1      | Reached skill level 3 in Ice Magic
   577 | D:1      | Reached XP level 2. HP: 20/20 MP: 1/7
   840 | D:1      | Learned a level 2 spell: Throw Frost
  1942 | D:2      | Found a deep blue altar of Sif Muna.
  2084 | D:2      | Reached XP level 3. HP: 25/26 MP: 6/8
  2102 | D:2      | Found a shimmering altar of Xom.
  2181 | D:2      | Reached skill level 1 in Conjurations
  2294 | D:2      | Learned a level 3 spell: Ozocubu's Armour
  2312 | D:2      | Found a white marble altar of Elyvilon.
  2331 | D:2      | Found a radiant altar of Vehumet.
  3237 | D:3      | Found a shadowy altar of Dithmenos.
  3565 | D:3      | Reached skill level 4 in Ice Magic
  4231 | D:4      | Noticed an ogre
  4259 | D:5      | Entered Level 5 of the Dungeon
  4298 | D:5      | HP: 1/26 [poisoned by a worker ant]
  4300 | D:5      | Succumbed to a worker ant's poison

Skill      XL: |  1  2  3 |
---------------+----------+-----
Ice Magic      | 3 4 |  4.0
Spellcasting   | 2 |  2.4
Conjurations   | 1 |  1.2
Dodging        | |  1.7
Stealth        | |  1.7

Action                   || total
-------------------------++-------
Melee: Unarmed           ||     7
       Club              ||   100
 Cast: Freeze            ||    54
  Use: Scroll            ||     1
       Potion            ||     1
 Stab: Sleeping          ||     7
  Eat: Chunk             ||    10
Armor: Robe              ||    39
Dodge: Dodged            ||    96
